 Dungeon Sprint DCSS version 0.30-a0-738-g116ff8c4af (webtiles) character file.

Game seed: 3823845781262375049

345 BigDaddyOpFi the Nimble (level 6, -16/40 HPs)
             Began as a Djinni Earth Elementalist on Feb 3, 2023.
             Was an Elder of Qazlal.
             Demolished by a bog body (36 damage)
             ... in the Dungeon (Sprint VII: "The Pits").
             The game lasted 00:01:39 (980 turns).

BigDaddyOpFi the Nimble (Djinni Earth Elementalist)  Turns: 980, Time: 00:01:39

Health: -16/40     AC:  2    Str:  7    XL:     6   Next: 89%
Gold:   0          EV: 15    Int: 18    God:    Qazlal [****..] SH:  5 Dex: 14

rFire   + + .      SeeInvis .    i - +2 mace
rCold   x . .      Faith    .    (no shield)
rNeg    . . .      Spirit   .    a - +0 robe
rPois   ∞          Reflect  .    (no helmet)
rElec   .          Harm     .    (no cloak)
rCorr   .          Rampage  .    (no gloves)
Will    .....      NoTele   +    (boots unavailable)
Stlth   ++                       (no amulet)
HPRegen 0.26/turn                (no ring)
MPRegen 0.00/turn                (no ring)

@: flying, repel missiles
A: sickness immunity, fire resistance 2, cold vulnerability 1, float, innate
caster, HP casting, extra vitality 1
a: Renounce Religion, Upheaval, Elemental Force


You were in the Dungeon.
You worshipped Qazlal.
Qazlal was greatly pleased with you.
You visited 1 branch

Inventory:

Hand Weapons
 i - a +2 mace (weapon)
Armour
 a - a +0 robe (worn)
Scrolls
 g - a scroll of blinking
Potions
 b - 5 potions of magic
 c - 6 potions of curing
 d - 3 potions of heal wounds
 e - a potion of haste
 f - 3 potions of berserk rage
 h - 2 potions of invisibility


   Skills:
 + Level 8.1 Dodging
 + Level 6.6 Stealth
 + Level 5.9 Spellcasting
 + Level 5.4 Invocations


You had 3 spell levels left.
You knew the following spells:

 Your Spells              Type           Power      Damage    Failure   Level
a - Sandblast             Erth           52%        2d12      1%          1
b - Passwall              Tmut/Erth      21%        N/A       1%          2
c - Stone Arrow           Conj/Erth      52%        3d10      3%          3
d - Petrify               Tmut/Erth      26%        N/A       11%         4
e - Summon Small Mammal   Summ           100%       N/A       1%          1
f - Poisonous Vapours     Pois/Air       52%        N/A       1%          2
Your spell library was empty.

Dungeon Overview and Level Annotations

Branches:
Dungeon (1/1)

Altars:
Ashenzari
Cheibriados
Dithmenos
Elyvilon
Fedhas
Gozag
Hepliaklqana
Makhleb
Nemelex Xobeh
Okawaru
Qazlal
Ru
Trog
Uskayaw
Wu Jian
Xom
Yredelemnul
Zin
The Shining One
Jiyva
Lugonu


Innate Abilities, Weirdness & Mutations

You are immune to sickness and miasma.
You are immune to poison.
Your flesh is very heat resistant. (rF++)
You are vulnerable to cold. (rC-)
You float through the air rather than walking.
You learn spells naturally, not from books.
Your magical power is your life essence.
You have superior vitality. (+4 MHP)


Message History

The blast of sand hits the kobold brigand!
You kill the kobold brigand!
Qazlal accepts your kill.
The storm surrounding you is now powerful enough to repel missiles.
You will now adapt resistances upon receiving elemental damage.
Your Dodging skill increases to level 8!
Your Invocations skill increases to level 5!
You start resting.
HP restored.
You start waiting.
You start waiting.
You start waiting.
There is an open door here.
Things that are here:
a +0 dagger; 8 poisoned darts; a kobold skeleton
Casting: Sandblast (safe; 1% risk of failure)
Confirm with . or Enter, or press ? or * to list all spells.
Okay, then.
You reach down and open the door.
A bog body comes into view.
Casting: Sandblast (safe; 1% risk of failure)
Confirm with . or Enter, or press ? or * to list all spells.
Aiming: Stone Arrow (dangerous; 3% risk of failure)
Press: ? - help, Shift-Dir - straight line, f - bog body
Aim: a bog body (75% to hit)
The stone arrow hits the bog body!!
The bog body is heavily damaged.
The bog body gestures at you while chanting.
You struggle to resist.
Casting: Stone Arrow (dangerous; 3% risk of failure)
Confirm with . or Enter, or press ? or * to list all spells.
Aiming: Stone Arrow (dangerous; 3% risk of failure)
Press: ? - help, Shift-Dir - straight line, f/p - bog body
Aim: a bog body (heavily damaged, 75% to hit)
The stone arrow hits the bog body!
The bog body is almost destroyed.
The bog body touches you! The bog body freezes you!!!
You feel a terrible chill!
Ouch! That really hurt!
You die...

#.#..#[))).##.......#
#)###########.......#
#)......# #########
#...#...# #...#...#
#.##.##.#+#
#...#...#.+
#...#...#n#
#.......)@#
###########


You could see a bog body.

Vanquished Creatures
  An ogre (D)
  A centaur (D)
  A kobold brigand (D)
  A scorpion (D)
  A gnoll (D)
  A river rat (D)
  4 ufetubi (D)
  A worm (D)
  A frilled lizard (D)
  3 kobolds (D)
  A rat (D)
16 creatures vanquished.

Notes
Turn   | Place    | Note
-------+----------+-------------------------------------------
     0 | D        | BigDaddyOpFi the Djinni Earth Elementalist began the quest
                  | for the Orb.
     0 | D        | BigDaddyOpFi set off with the following spells memorised:
                  | Sandblast, Passwall, Stone Arrow, Petrify.
     0 | D        | Reached XP level 1. HP: 15/15 MP: 0/0
     8 | D        | Noticed a scorpion
    16 | D        | Killed a scorpion
    17 | D        | Reached skill level 5 in Dodging
    17 | D        | Reached XP level 2. HP: 11/21 MP: 0/0
    17 | D        | Reached XP level 3. HP: 14/25 MP: 0/0
    17 | D        | Learned a level 1 spell: Summon Small Mammal
    17 | D        | Reached XP level 4. HP: 17/31 MP: 0/0
   208 | D        | Found a bloodstained altar of Trog.
   208 | D        | Found a viscous altar of Jiyva.
   208 | D        | Found a hazy altar of Hepliaklqana.
   208 | D        | Found an opulent altar of Gozag.
   209 | D        | Found a glowing golden altar of the Shining One.
   209 | D        | Found a glowing silver altar of Zin.
   209 | D        | Found a basalt altar of Yredelemnul.
   209 | D        | Found a shimmering altar of Xom.
   209 | D        | Found an ornate altar of the Wu Jian Council.
   209 | D        | Found a sacrificial altar of Ru.
   209 | D        | Found a stormy altar of Qazlal.
   209 | D        | Found an iron altar of Okawaru.
   209 | D        | Found a sparkling altar of Nemelex Xobeh.
   209 | D        | Found a burning altar of Makhleb.
   209 | D        | Found a blossoming altar of Fedhas.
   209 | D        | Found a white marble altar of Elyvilon.
   209 | D        | Found a shadowy altar of Dithmenos.
   209 | D        | Found a snail-covered altar of Cheibriados.
   210 | D        | Found a corrupted altar of Lugonu.
   211 | D        | Found a hide-covered altar of Uskayaw.
   211 | D        | Found a broken altar of Ashenzari.
   229 | D        | Became a worshipper of Qazlal Stormbringer
   265 | D        | Reached skill level 1 in Invocations
   304 | D        | Reached * piety under Qazlal
   402 | D        | Reached ** piety under Qazlal
   504 | D        | Noticed a centaur
   507 | D        | Noticed an ogre
   512 | D        | Reached XP level 5. HP: 34/35 MP: 0/0
   512 | D        | Learned a level 2 spell: Poisonous Vapours
   514 | D        | Reached *** piety under Qazlal
   527 | D        | Killed a centaur
   528 | D        | Reached skill level 6 in Dodging
   528 | D        | Reached skill level 5 in Stealth
   528 | D        | Reached skill level 5 in Spellcasting
   530 | D        | Killed an ogre
   531 | D        | Reached skill level 7 in Dodging
   531 | D        | Reached XP level 6. HP: 31/40 MP: 0/0
   679 | D        | Reached **** piety under Qazlal
   680 | D        | Reached skill level 8 in Dodging
   680 | D        | Reached skill level 5 in Invocations
   978 | D        | Noticed a bog body
   980 | D        | Demolished by a bog body

Illustrated notes

Levels and vault maps discovered:
D:        pitsprint [storerooms_1, entrance_room_1, metal_vault_7, armoury_1,
          mini_pit_1, grid_room_1, main_hall_1, silver_pit, the_coven_3,
          the_vestibule_1, steel_vault_3, golden_pit, hallway_of_sentries,
          crystal_vault_5, iron_vault_2, final_vault]

Skill      XL: |  1  2  3  4  5  6 |
---------------+-------------------+-----
Dodging        | 5 7 8 |  8.1
Stealth        | 4 6 |  6.6
Spellcasting   | 4 5 |  5.9
Invocations    | 2 4 5 |  5.4

Action                     |  1- 3 |  4- 6 || total
---------------------------+-------+-------++-------
   Cast: Sandblast         |     7 |    33 ||    40
         Stone Arrow       |       |     2 ||     2
    Use: Potion            |       |     3 ||     3
 Armour: Robe              |     1 |     6 ||     7
  Dodge: Dodged            |     7 |    29 ||    36
  Block: Other             |       |    10 ||    10

Table legend: (Time is in decaauts)
 A = Elapsed time spent in this place.
 B = Non-inter-level travel time spent in this place.
 C = Inter-level travel time spent in this place.
 D = Time resting spent in this place.
 E = Time spent auto-exploring this place.
 F = Levels seen in this place.
 G = Mean time per level.
                   A        B        C        D        E       F      G
               +--------+--------+--------+--------+--------+-----+--------+
         Total |    999 |    976 |     23 |    778 |      0 |   1 |  999.0 |
       Dungeon |    999 |    976 |     23 |    778 |      0 |   1 |  999.0 |
               +--------+--------+--------+--------+--------+-----+--------+

Top non-repeatable levels by time:
       D: 999 daAuts
